 Dungeon Crawl Stone Soup version 0.28.0-45-g0d030f2227 (webtiles) character file.

Game seed: 11979677686062653795

106 pkoi the Digger (level 4, -2/34 HPs)
             Began as a Demigod Earth Elementalist on Apr 15, 2022.
             Succumbed to a goblin's poison
             ... on level 3 of the Dungeon.
             The game lasted 00:03:54 (3648 turns).

pkoi the Digger (Demigod Earth Elementalist)        Turns: 3648, Time: 00:03:54

Health: -2/34      AC:  2    Str:  9    XL:     4   Next: 30%
Magic:  4/9        EV: 12    Int: 21    God:
Gold:   82         SH:  0    Dex: 14    Spells: 3/6 levels left

rFire   . . .      SeeInvis .   h - +2 dagger (elec)
rCold   . . .      Faith    .   (no shield)
rNeg    . . .      Spirit   .   b - +0 robe
rPois   .          Reflect  .   (no helmet)
rElec   .          Harm     .   (no cloak)
rCorr   .          Rampage  .   (no gloves)
Will    .....                   (no boots)
Stlth   ++........              (no amulet)
HPRegen 0.11/turn               (no ring)
MPRegen 0.11/turn               (no ring)

@: lethally poisoned (-2 -> -22), very slightly contaminated
A: high MP 1, forlorn, divine attributes
a: no special abilities


You were on level 3 of the Dungeon.
You visited 1 branch of the dungeon, and saw 3 of its levels.

You collected 82 gold pieces.

Inventory:

Hand Weapons
 a - a +0 dagger
 d - a +0 whip
 e - a +4 whip
 f - a +0 dagger of electrocution
 h - a +2 dagger of electrocution (weapon)
Missiles
 c - 7 stones
Armour
 b - a +0 robe (worn)
Scrolls
 i - a scroll of identify {unknown}
 k - a scroll of teleportation
 l - a scroll of fear {unknown}
Potions
 g - a potion of degeneration {unknown}
 j - a potion of brilliance {unknown}
 m - a potion of haste {unknown}
 n - a potion of mutation {unknown}


   Skills:
 + Level 0.3 Fighting
 - Level 1.7 Dodging
 + Level 2.0 Stealth
 - Level 1.7 Spellcasting
 + Level 2.2 Transmutations
 * Level 4.2 Earth Magic


You had 3 spell levels left.
You knew the following spells:

 Your Spells              Type           Power      Damage    Failure   Level
a - Sandblast             Erth           38%        2d10      2%          1
b - Passwall              Tmut/Erth      12%        N/A       6%          2

Your spell library contained the following spells:

 Spells                   Type           Power      Damage    Failure   Level
 Stone Arrow              Conj/Erth      20%        3d8       19%         3
 Frozen Ramparts          Ice            2%         1d2       41%         3
 Petrify                  Tmut/Erth      15%        N/A       36%         4
 Ice Form                 Ice/Tmut       6%         N/A       67%         4
 Summon Ice Beast         Ice/Summ       1%         N/A       83%         4


Dungeon Overview and Level Annotations

Branches:
Dungeon (3/15)


Innate Abilities, Weirdness & Mutations

You have an increased reservoir of magic. (+10% MP)
You shall have no god before yourself.
Your divine heritage dramatically boosts your attributes as you level up.


Message History

You hit the goblin.
The goblin is heavily wounded.
The goblin closely misses you.
You hit the goblin.
The goblin is heavily wounded.
The goblin hits you with a +0 dagger.
* * * LOW HITPOINT WARNING * * *
You hit the goblin but do no damage. Lightning courses through the goblin!
You kill the goblin!
You hit the goblin but do no damage. The goblin barely misses you.
You hit the goblin but do no damage.
The goblin hits you with a +1 dagger of venom.
* * * LOW HITPOINT WARNING * * *
You are poisoned.
Aiming: Sandblast (safe; 2% risk of failure)
Press: ? - help, Q - select action, (/) - cycle Shift-Dir - straight line, f - goblin
Aim: a goblin, wielding a +1 dagger of venom and wearing a +0 scale mail (77% to hit)
The blast of sand misses the goblin.
The blast of sand hits the goblin!
You kill the goblin!
You hear a splash.
* * * LOW HITPOINT WARNING * * *
You feel very sick.
The goblin hits you with a +1 dagger of venom.
* * * LOW HITPOINT WARNING * * *
You are more poisoned.
Aiming: Sandblast (safe; 2% risk of failure)
Press: ? - help, Q - select action, (/) - cycle Shift-Dir - straight line, f/p - goblin
Aim: a goblin, wielding a +1 dagger of venom and wearing a +0 scale mail (77% to hit)
You miscast Sandblast.
You are very lightly contaminated with residual magic.
Nothing appears to happen.
* * * LOW HITPOINT WARNING * * *
You feel very sick. The goblin hits you but does no damage.
Aiming: Sandblast (safe; 2% risk of failure)
Press: ? - help, Q - select action, (/) - cycle Shift-Dir - straight line, f/p - goblin
Aim: a goblin, wielding a +1 dagger of venom and wearing a +0 scale mail (77% to hit)
The blast of sand hits the goblin.
The goblin is heavily wounded.
You die...

# #..#########
#≈≈≈≈≈≈≈≈g≈###### ###
#≈≈≈≈≈@ggg.....## ..##
#########≈......##
#..#########..[............#
...........................#
......#####........†.......#
...........................#
......#####.#..g....g......#
......# #..##......gg....##
......# ##.###.....^.....##


You could see 4 goblins.

Vanquished Creatures
  Jessica (D:2)
  Robin (D:3)
  An adder (D:2)
  A worm (D:2)
  5 ball pythons
  4 endoplasms
  A giant cockroach (D:1)
  5 hobgoblins
  4 jackals (D:2)
  5 kobolds
  2 quokkas
  8 bats
  3 frilled lizards
  10 goblins
  2 rats (D:3)
53 creatures vanquished.

Notes
Turn   | Place    | Note
-------+----------+-------------------------------------------
     0 | D:1      | pkoi the Demigod Earth Elementalist began the quest for the
                  | Orb.
     0 | D:1      | Reached XP level 1. HP: 14/14 MP: 5/5
   102 | D:1      | Reached skill level 1 in Transmutations
   420 | D:1      | Reached skill level 3 in Earth Magic
   733 | D:1      | Reached XP level 2. HP: 16/20 MP: 7/7
  1728 | D:2      | Noticed Jessica
  1738 | D:2      | Killed Jessica
  1739 | D:2      | Reached XP level 3. HP: 4/26 MP: 5/8
  2438 | D:2      | Reached skill level 4 in Earth Magic
  2890 | D:2      | Learned a level 2 spell: Passwall
  3477 | D:3      | Reached XP level 4. HP: 33/33 MP: 9/9
  3611 | D:3      | Noticed Robin
  3633 | D:3      | Killed Robin
  3648 | D:3      | Succumbed to a goblin's poison

Illustrated notes

Levels and vault maps discovered:
D:1:      saegor_arrival_fortress, layout_basic,
          corexii_item_surrounded_by_moat, minmay_crystal_room,
          lemuel_another_geyser
D:2:      layout_rooms, minmay_misc_feat_ornament, uniq_jessica
D:3:      layout_rooms, kennysheep_okawaru_gauntlet, gup_sewer_entry_pipe,
          serial_rivers, chequers_serial_rivers_large_b,
          chequers_serial_rivers_micro_b, chequers_serial_rivers_micro_c,
          chequers_serial_rivers_micro_b, chequers_serial_rivers_micro_e,
          amethyst_killhole, uniq_robin

Skill      XL: |  1  2  3  4 |
---------------+-------------+-----
Transmutations | 1 2 |  2.2
Earth Magic    | 3 4 |  4.2
Stealth        | 2 |  2.0
Fighting       | |  0.3
Dodging        | |  1.7
Spellcasting   | |  1.7

Action                   |  1- 3 |  4- 6 || total
-------------------------+-------+-------++-------
Melee: Whip              |    63 |       ||    63
       Dagger            |    31 |    27 ||    58
       Punch             |       |     1 ||     1
 Cast: Sandblast         |    22 |     6 ||    28
  Use: Scroll            |     1 |       ||     1
Armor: Robe              |    36 |     4 ||    40
Dodge: Dodged            |    79 |    13 ||    92
